AoeStats
← HR Pinkman

Arena

509501759Analyzed
4v4 RM · 4d ago on Sep 27, 2026· 20m 53s· 8 players
Game mode
Random Map
Map size
Large (8 player)
Population
200
Speed
Normal
Resources
Standard
Victory
Conquest
Starting age
Dark Age
Ending age
Imperial Age
RankedLock teamsTeams togetherTeam positionsShared explorationLock speedFull tech treeHidden civsTurbo modeCheats
Victory
Defeat
🇦🇷 Magyars · Argentina
1891
+17
🇨🇳 Koreans · China
1877
+17
🇺🇸 Spanish · United States
1764
+22
🇦🇷 Tatars · Argentina
1747
+21
🇨🇱 Gurjaras · Chile
1912
-20
🇨🇱 Celts · Chile
1895
-19
🇨🇱 Danes · Chile
1893
-19
🇨🇱 Bohemians · Chile
1885
-19
Quix
8:27 Loom
10:43 Feudal Age
9:40 Loom
14:41 Castle Age
12:48 Double-Bit Axe
13:01 Loom
12:58 Horse Collar
16:19 Bow Saw
21:14 Wheelbarrow
AceRx
10:09 Feudal Age
13:56 Castle Age
11:49 Double-Bit Axe
12:12 Horse Collar
15:11 Bow Saw
15:08 Heavy Plow
19:13 Wheelbarrow
老爱国炸鱼号
4:37 Loom
5:49 Loom
8:37 Feudal Age
9:17 Double-Bit Axe
11:59 Fletching
19:09 Castle Age
18:13 Gold Mining
19:26 Stone Mining
Gary_zZ
11:19 Feudal Age
12:41 Double-Bit Axe
12:37 Horse Collar
15:10 Castle Age
15:18 Light Cavalry
17:01 Bow Saw
21:12 Wheelbarrow
HR itu
10:53 Feudal Age
11:24 Loom
14:37 Castle Age
12:42 Double-Bit Axe
HR Whitecourt
9:50 Feudal Age
10:30 Feudal Age
14:00 Castle Age
11:48 Double-Bit Axe
12:00 Horse Collar
15:06 Bow Saw
15:40 Loom
HR Pinkman
10:24 Feudal Age
9:06 Loom
15:03 Castle Age
13:57 Double-Bit Axe
14:14 Scale Mail Armor
16:22 Chain Mail Armor
HR Sobek
9:36 Feudal Age
13:37 Castle Age
12:10 Double-Bit Axe
12:16 Horse Collar
Connection lost

Rejoining the realm…

Still unreachable

The connection could not be restored.

Session expired

The server has moved on; the page needs a fresh start.